 Dungeon Crawl Stone Soup version 0.31.0-32-g396128a36d (webtiles) character file.

Game seed: 15105160960959642093

12625 spaghetti the Reanimator (level 11, 0/100 HPs)
             Began as a Naga Summoner on Mar 10, 2024.
             Was an Initiate of Gozag.
             Slain by an eight-headed hydra (12 damage)
             ... on level 2 of the Lair of Beasts.
             The game lasted 00:31:32 (19824 turns).

spaghetti the Reanimator (Naga Summoner)           Turns: 19824, Time: 00:31:32

Health: 0/100      AC:  4    Str: 14    XL:     11   Next: 96%
Magic:  14/30      EV: 10    Int: 21    God:    Gozag
Gold:   293        SH:  0    Dex: 12    Spells: 8/24 levels left

rFire   . . .        l - +5 falchion (holy)
rCold   . . .        (no shield)
rNeg    . . .        a - +0 robe
rPois   +            (helmet restricted)
rElec   .            (no cloak)
rCorr   .            (no gloves)
SInv    +            (no barding)
Will    +....        t - amulet of the acrobat
Stlth   ++           y - +4 ring of slaying
HPRegen 0.36/turn    n - ring "Exkob Dou" {Fly MP+9 Str+3 Int+2}
MPRegen 0.22/turn

%: acrobat
@: death channelling, gold aura, flying, inugami summoned, very slow
A: AC +3, large, see invisible, deformed body, poison resistance, slowness 2,
spit poison 1, naga tail 1, horns 1, MP-powered wands
a: Spit Poison, Renounce Religion, Potion Petition, Call Merchant, Bribe Branch


You were on level 2 of the Lair of Beasts.
You worshipped Gozag.
Gozag was aware of your devotion.
You visited 2 branches of the dungeon, and saw 14 of its levels.
You also visited: Sewer.

You collected 2329 gold pieces.
You spent 72 gold pieces at shops.
You paid 1964 gold pieces to Gozag.

Inventory:

Hand Weapons
 i - a +4 dagger of venom
 l - a +5 falchion of holy wrath (weapon)
 I - a +0 demon trident of freezing
Missiles
 H - a throwing net
Armour
 a - a +0 robe (worn)
Jewellery
 j - a ring of protection from fire
 n - the ring "Exkob Dou" (right hand) {Fly MP+9 Str+3 Int+2}
   (You found it on level 6 of the Dungeon)

   [ring of flight]

   Str+3:     It affects your strength (+3).
   Int+2:     It affects your intelligence (+2).
   MP+9:      It affects your magic capacity (+9).
   Fly:       It grants you flight.
 t - an amulet of the acrobat (around neck)
 w - a ring of positive energy
 y - a +4 ring of slaying (left hand)
 A - a ring of resist corrosion
Wands
 u - a wand of digging (12)
 v - a wand of iceblast (6)
 z - a wand of flame (8)
Scrolls
 c - a scroll of enchant weapon
 e - 4 scrolls of fog
 g - 8 scrolls of revelation
 h - 2 scrolls of teleportation
 k - a scroll of silence
 o - 4 scrolls of blinking
 p - a scroll of poison
 r - 2 scrolls of immolation
 C - 2 scrolls of enchant armour
 G - a scroll of identify
Potions
 b - 3 potions of attraction
 d - 2 potions of brilliance
 m - 3 potions of degeneration
 q - 4 potions of curing
 s - 2 potions of resistance
 x - a potion of might
 B - a potion of ambrosia {unknown}
 D - a potion of magic
 E - a potion of heal wounds {unknown}
 F - a potion of cancellation {unknown}


   Skills:
 - Level 7.0 Fighting
 - Level 1.5 Dodging
 - Level 3.0 Stealth
 - Level 7.0 Spellcasting
 - Level 11.0 Summonings
 + Level 12.2 Necromancy


You had 8 spell levels left.
You knew the following spells:

 Your Spells              Type           Power      Damage    Failure   Level
a - Summon Small Mammal   Summ           100%       N/A       1%          1
b - Call Imp              Summ           100%       N/A       1%          2
c - Call Canine Familiar  Summ           52%        N/A       1%          3
d - Martyr's Knell        Necr/Summ      54%        N/A       1%          4
e - Death Channel         Necr           28%        N/A       9%          6

Your spell library contained the following spells:

 Spells                   Type           Power      Damage    Failure   Level
 Dispel Undead            Necr           56%        3d20      1%          4
 Cigotuvi's Dreadful Rot  Necr/Alch/Air  48%        N/A       2%          2
 Magic Dart               Conj           28%        1d4       9%          1
 Shock                    Conj/Air       28%        1d4       9%          1
 Summon Blazeheart Golem  Fire/Summ      30%        N/A       9%          4
 Summon Lightning Spire   Summ/Air       30%        N/A       9%          4
 Blink                    Tloc           14%        N/A       13%         2
 Dazzling Flash           Conj/Hex       14%        N/A       26%         3
 Swiftness                Air            7%         N/A       26%         3
 Volatile Blastmotes      Fire/Tloc      14%        2d11      26%         3
 Airstrike                Air            3%         2d(1-17)  65%         4
 Vhi's Electric Charge    Tloc/Air       14%        N/A       65%         4
 Arcjolt                  Conj/Air       3%         1d13      94%         5
 Starburst                Conj/Fire      3%         6d3       100%        6
 Maxwell's Capacitive Co  Air            3%         ∞         100%        8


Dungeon Overview and Level Annotations

Branches:
Dungeon (12/15)            Temple (0/1) D:6            Lair (2/5) D:11
    Orc (0/2) D:10          Sewer (visited)
  Swamp: Lair:2-3    Shoals: Lair:2-3     Snake: Lair:2-3    Spider: Lair:2-3

Altars:
Ashenzari
Cheibriados
Elyvilon
Fedhas
Gozag
Hepliaklqana
Kikubaaqudgha
Okawaru
Ru
Sif Muna
Uskayaw
Vehumet
Wu Jian
Yredelemnul
Zin
The Shining One

Shops:
D:9 ?[   Lair:1 [

Annotations:
D:10 2 transporters, Tripartite's ghost, journeyman TeFE


Innate Abilities, Weirdness & Mutations

Your serpentine skin is tough. (AC +3)
You have supernaturally acute eyesight. (SInv)
Armour fits poorly on your strangely shaped body.
Your system is resistant to poisons. (rPois)
You cover ground very slowly.
You can spit poison.
You have a snake-like lower body.
You have a pair of small horns on your head.
You expend magic power (3 MP) to strengthen your wands.


Message History

You slash the polar bear! You headbutt the polar bear.
The polar bear is severely wounded.
The polar bear goes berserk!
Your cerulean imp hits the polar bear but does no damage.
Your quokka bites the polar bear.
The polar bear barely misses you. The polar bear closely misses you.
The polar bear claws you but does no damage.
Your cerulean imp hits the polar bear but does no damage.
You slash the polar bear! You headbutt the polar bear.
You kill the polar bear!
A glowing mist starts to gather...
Your quokka bites the seven-headed hydra.
Your inugami hits the seven-headed hydra.
Your cerulean imp hits the seven-headed hydra from afar with a +1 spear.
Your quokka bites the seven-headed hydra.
Your inugami hits the seven-headed hydra.
You hack one of the seven-headed hydra's heads off!
The six-headed hydra grows two more!
You slash the eight-headed hydra!
Your headbutt misses the eight-headed hydra.
The eight-headed hydra is moderately wounded.
A water moccasin comes into view.
The eight-headed hydra bites you!
The eight-headed hydra barely misses you.
The eight-headed hydra bites you! The eight-headed hydra bites you. x2
The eight-headed hydra bites you!
The eight-headed hydra bites you but does no damage.
The eight-headed hydra bites you!
* * * LOW HITPOINT WARNING * * *
Your cerulean imp barely misses the eight-headed hydra.
Your quokka barely misses the eight-headed hydra.
Your inugami closely misses the eight-headed hydra.
Your rat bites the eight-headed hydra.
The eight-headed hydra barely misses you.
The eight-headed hydra bites you!
* * * LOW HITPOINT WARNING * * *
The eight-headed hydra bites you.
* * * LOW HITPOINT WARNING * * *
The eight-headed hydra bites you!
You die...
Your body crumbles into a pile of gold.

########## ###........##
##...........###
#..............######
##...............#.P#
##..................#
#P................#.###.
##...^.........5Wr....S.
#...............@DZ.....
#.#.............rh.P....
#####.......#.#...##....
#..##.#..........P# ...
........######...P.. .
###.##.## ##.....#
##.##### ##....# ###
###.##


You could see an eight-headed hydra (ally target), a water moccasin, a friendly
martyred shade (summoned), a friendly spectral polar bear (sheltered), a
friendly cerulean imp (summoned, sheltered), a friendly quokka (summoned,
sheltered), a friendly inugami (summoned, sheltered) and a friendly rat
(summoned, sheltered).

Vanquished Creatures
  An oklob plant (D:11)
  A black mamba (Lair:1)
  A cane toad (Lair:1)
  A kobold demonologist (D:8)
  2 komodo dragons (Lair:1)
  A troll (D:11)
  A polar bear (Lair:2)
  A shadow (D:10)
  2 wraiths (D:11)
  A wyvern (D:10)
  2 yaks
  A steam dragon (D:7)
  A water moccasin (Lair:1)
  An ice beast (D:6)
  A necrophage (D:4)
  3 bullfrogs
  A scorpion (D:5)
  A gnoll sergeant (D:10)
  Dowan (D:5)
  5 wights
  4 killer bees (D:11)
  A howler monkey (D:7)
  A human zombie (D:4)
  A bullfrog zombie (D:4)
  2 hounds
  A gnoll bouda (Lair:2)
  3 orc priests
  A centaur skeleton (D:4)
  2 iguanas
  2 scorpion zombies (D:4)
  2 orc wizards
  3 nameless horrors
  A hound skeleton (D:4)
  7 adders
  4 gnolls
  A shadow imp (D:4)
  4 ufetubi (D:5)
  2 adder zombies (D:4)
  7 dart slugs
  A ribbon worm (D:2)
  9 orcs
  10 ball pythons
  2 bats
  An endoplasm (D:2)
  12 giant cockroaches
  A goblin (D:3)
  5 hobgoblins
  4 jackals (D:3)
  2 quokkas
  4 frilled lizards
  7 kobolds
  3 rats (D:4)
139 creatures vanquished.

Vanquished Creatures (collateral kills)
  A two-headed ogre (D:10)
  A dancing weapon (D:12)
  An oklob plant (D:11)
  An ugly thing (D:12)
  2 cane toads (Lair:1)
  A gargoyle (D:11)
  A komodo dragon (Lair:1)
  A hornet (D:8)
  A troll (D:11)
  Prince Ribbit (D:5)
  A dream sheep (Lair:2)
  A shadow (D:10)
  A wyvern (D:8)
  5 yaks
  2 acid dragons
  4 water moccasins
  Duvessa (D:5)
  An orc warrior (D:10)
  2 ogres
  2 centaurs
  A kobold brigand (D:8)
  3 bullfrogs
  5 wights
  13 killer bees
  3 howler monkeys
  A hound (D:7)
  2 bombardier beetles
  2 jellies
  An orc priest (D:7)
  2 iguanas
  6 orc wizards
  A hound skeleton (D:4)
  5 adders
  6 gnolls
  A shadow imp (D:5)
  3 dart slugs (Sewer)
  3 ribbon worms
  14 orcs
  5 ball pythons
  4 bats
  An endoplasm (D:1)
  7 giant cockroaches
  3 goblins
  2 hobgoblins
  6 jackals
  A quokka (D:4)
  7 frilled lizards
  A jackal zombie (D:4)
  2 kobolds
  6 rats
148 creatures vanquished.

Grand Total: 287 creatures vanquished

Notes
Turn   | Place    | Note
-------+----------+-------------------------------------------
     0 | D:1      | spaghetti the Naga Summoner began the quest for the Orb.
     0 | D:1      | Reached XP level 1. HP: 15/15 MP: 3/3
    88 | D:1      | Reached skill level 1 in Fighting
   252 | D:1      | Reached XP level 2. HP: 22/25 MP: 3/5
   290 | D:1      | Learned a level 2 spell: Call Imp
   747 | D:1      | Reached XP level 3. HP: 7/33 MP: 1/6
   853 | D:1      | Learned a level 3 spell: Call Canine Familiar
  1905 | D:2      | Reached XP level 4. HP: 13/42 MP: 0/7
  2754 | D:3      | Reached XP level 5. HP: 51/51 MP: 2/8
  3243 | D:3      | Found a blossoming altar of Fedhas.
  3622 | D:3      | Found a sacrificial altar of Ru.
  3758 | D:4      | Reached skill level 5 in Fighting
  3857 | D:4      | Noticed an ogre
  3866 | D:4      | Killed an ogre
  3867 | D:4      | Reached XP level 6. HP: 62/62 MP: 1/9
  4027 | D:4      | Found an opulent altar of Gozag.
  4077 | D:4      | Became a worshipper of Gozag Ym Sagoz the Greedy
  4175 | D:4      | Found a glowing drain.
  4189 | Sewer    | Entered a sewer
  4704 | Sewer    | Reached XP level 7. HP: 65/70 MP: 4/10
  5713 | D:4      | Found an ancient bone altar of Kikubaaqudgha.
  5774 | D:4      | Learned a level 4 spell: Martyr's Knell
  5986 | D:4      | Noticed a +0 dagger
  5987 | D:4      | Noticed a +0 dagger
  6005 | D:4      | Found a hide-covered altar of Uskayaw.
  6370 | D:5      | Entered Level 5 of the Dungeon
  6375 | D:5      | Noticed Prince Ribbit
  6689 | D:5      | Reached skill level 5 in Summonings
  6689 | D:5      | Reached skill level 1 in Necromancy
  6870 | D:5      | Killed Prince Ribbit
  6871 | D:5      | Reached skill level 2 in Necromancy
  6871 | D:5      | Reached XP level 8. HP: 30/80 MP: 0/14
  7050 | D:5      | Noticed a nameless horror
  7061 | D:5      | Killed a nameless horror
  7066 | D:5      | HP: 4/80 [ufetubus (2)]
  7946 | D:5      | Noticed Duvessa
  7973 | D:5      | Killed Duvessa
  7974 | D:5      | Reached skill level 3 in Necromancy
  8167 | D:5      | Found a hazy altar of Hepliaklqana.
  8173 | D:5      | Noticed Dowan
  8191 | D:5      | Killed Dowan
  9144 | D:6      | Reached skill level 5 in Spellcasting
  9510 | D:6      | Noticed a nameless horror
  9530 | D:6      | Killed a nameless horror
  9684 | D:6      | Found a snail-covered altar of Cheibriados.
  9774 | D:6      | Identified the ring "Exkob Dou" {Fly MP+9 Str+3 Int+2}
  9778 | D:6      | Found a shimmering blue altar of Sif Muna.
  9898 | D:6      | Reached skill level 4 in Necromancy
  9898 | D:6      | Reached XP level 9. HP: 71/86 MP: 16/16
  9909 | D:6      | Learned a level 6 spell: Death Channel
  9945 | D:6      | Found a staircase to the Ecumenical Temple.
 10970 | D:7      | Reached skill level 5 in Necromancy
 11461 | D:7      | Identified the +4 ring mail of Cheibriados's Grace {rN+}
 11652 | D:8      | Found an iron altar of Okawaru.
 11690 | D:8      | Noticed a hornet
 11703 | D:8      | Killed a hornet
 11842 | D:8      | Found a basalt altar of Yredelemnul.
 12018 | D:8      | Found an ornate altar of the Wu Jian Council.
 12040 | D:8      | Reached skill level 6 in Necromancy
 12155 | D:8      | Found a glowing golden altar of the Shining One.
 12160 | D:8      | Found a glowing silver altar of Zin.
 12161 | D:8      | Found a white marble altar of Elyvilon.
 12271 | D:8      | Noticed a kobold demonologist
 12304 | D:8      | Killed a kobold demonologist
 12305 | D:8      | Reached XP level 10. HP: 60/94 MP: 20/20
 13089 | D:9      | Found Vaxkarim's Magic Scroll Emporium.
 13151 | D:9      | Bought a scroll of fear for 48 gold pieces
 13151 | D:9      | Bought a scroll of identify for 24 gold pieces
 13163 | D:9      | Noticed a two-headed ogre
 13383 | D:10     | Entered Level 10 of the Dungeon
 13383 | D:10     | Noticed a two-headed ogre
 13383 | D:10     | Noticed Tripartite's ghost (journeyman TeFE)
 13383 | D:10     | Noticed an unseen horror
 13383 | D:10     | Noticed a catoblepas
 13383 | D:10     | Found a transporter.
 13384 | D:10     | Noticed a deep elf pyromancer
 13494 | D:10     | Found a transporter.
 13511 | D:10     | Found a broken altar of Ashenzari.
 13554 | D:10     | Reached skill level 7 in Necromancy
 13664 | D:10     | Found a staircase to the Orcish Mines.
 13840 | D:10     | Found a radiant altar of Vehumet.
 14209 | D:10     | Noticed a two-headed ogre
 14240 | D:10     | Killed a two-headed ogre
 14404 | D:10     | Reached skill level 8 in Necromancy
 15161 | D:11     | Reached skill level 10 in Summonings
 15326 | D:11     | Noticed a gargoyle
 15336 | D:11     | Killed a gargoyle
 15337 | D:11     | Reached skill level 9 in Necromancy
 15337 | D:11     | Reached XP level 11. HP: 100/100 MP: 18/21
 15765 | D:11     | Gained mutation: You expend magic power (3 MP) to
                  | strengthen your wands. [potion of mutation]
 15765 | D:11     | Gained mutation: You have a pair of small horns on your
                  | head. [potion of mutation]
 16042 | D:11     | Noticed an oklob plant
 16060 | D:11     | Noticed an oklob plant
 16149 | D:11     | Found a staircase to the Lair.
 16484 | D:12     | Noticed a purple ugly thing
 16498 | D:12     | Killed a purple ugly thing
 16777 | D:12     | Noticed a -4 hand axe of venom
 16792 | D:12     | Noticed a naga sharpshooter
 16804 | D:12     | Noticed a rakshasa
 16805 | D:12     | Killed a -4 hand axe of venom
 17452 | D:11     | Killed an oklob plant
 17453 | D:11     | Reached skill level 10 in Necromancy
 17473 | D:11     | Killed an oklob plant
 17588 | Lair:1   | Entered Level 1 of the Lair of Beasts
 18219 | Lair:1   | Reached skill level 11 in Necromancy
 19079 | Lair:1   | Reached skill level 12 in Necromancy
 19819 | Lair:2   | Noticed a seven-headed hydra
 19824 | Lair:2   | Slain by an eight-headed hydra

Illustrated notes

Levels and vault maps discovered:
D:1:      shiori_arrival_elements, layout_basic, minmay_curled_crystal,
          st_stairs_5, minmay_misc_feat_room
D:2:      layout_loops_cross, grunt_decor_junction, minmay_unequal
D:3:      layout_loops_ring, nicolae_overflow_hidden_temple,
          nicolae_ru_path_of_blood, minmay_strange_pillars
D:4:      layout_rooms, nicolae_gozag_cash_rules_everything_around_me,
          lemuel_mausoleum_altar_kikubaaqudgha, dancing_weapons_uskayaw,
          portal_sewer_entry_e
D:5:      layout_layer_cave, worldfamousw_hep_ancestral_shrine,
          grunt_decor_arrowhead, uniq_duvessa, uniq_prince_ribbit1
D:6:      layout_loops_cross, lemuel_tele_altar, kennysheep_mini_moat,
          temple_fountains, hangedman_decor_opposing, minmay_misc_feat_ornament
D:7:      layout_gridville
D:8:      layout_loops_corners, good_gods_temple_1, okawaru_metal_pillars_3,
          kennysheep_mini, mainiacjoe_overflow_small_starburst,
          nrook_mini_vaults
D:9:      layout_cross, serial_shops, shop, patterned_corridor
D:10:     layout_rooms, vehumet_altar_wand_db, mainiacjoe_overflow_paths,
          orc_0_dummy, gammafunk_ghost_arena, nicolae_wwwww,
          kennysheep_generic_room_10
D:11:     layout_irregular_city, dpeg_oklobed_lair, amethyst_killhole,
          minmay_stone_trees_small
D:12:     regret_index_nemelex_summoning_deck_glade, layout_cave_pools,
          nicolae_where_there's_smoke
Lair:1:   layout_chaotic_city, small_statue_intersection, grunt_megastairs_5
Lair:2:   layout_cave_pods, minmay_shoals_entry_centaurs, special_room
          [special_room_bee], serial_bayou_ford_a, dreamdust_gnoll_shepherd,
          serial_bayou_shore_a

Skill      XL: |  1  2  3  4  5  6  7  8  9 10 11 |
---------------+----------------------------------+-----
Fighting       | 1 2 3 4 5 6 7 |  7.0
Spellcasting   | 4 5 7 |  7.0
Summonings     | 5 6 8 10 11 | 11.0
Necromancy     | 2 4 6 9 12 | 12.2
Dodging        | |  1.5
Stealth        | |  3.0

Action                     |  1- 3 |  4- 6 |  7- 9 | 10-12 || total
---------------------------+-------+-------+-------+-------++-------
  Melee: Unarmed           |   101 |    60 |       |       ||   161
         Punch             |     1 |     4 |     2 |     1 ||     8
         Dagger            |       |   100 |    16 |       ||   116
         Falchion          |       |       |   224 |   146 ||   370
         Headbutt          |       |       |       |    24 ||    24
   Cast: Summon Small Mamm |    25 |    17 |    35 |    90 ||   167
         Call Imp          |    16 |    32 |    56 |    57 ||   161
         Call Canine Famil |     6 |    27 |    57 |    54 ||   144
         Martyr's Knell    |       |       |    34 |    53 ||    87
         Death Channel     |       |       |       |     2 ||     2
 Invoke: Potion Petition   |       |       |     1 |       ||     1
         Call Merchant     |       |       |       |     2 ||     2
Ability: Spit Poison       |    14 |     5 |     6 |     1 ||    26
  Evoke: Wand              |       |       |       |     2 ||     2
    Use: Scroll            |     3 |     5 |     9 |     8 ||    25
         Potion            |       |     3 |     8 |     4 ||    15
   Stab: Sleeping          |     2 |     1 |     1 |       ||     4
         Distracted        |       |     4 |     3 |     6 ||    13
 Armour: Robe              |   118 |   132 |   278 |   202 ||   730
  Dodge: Dodged            |    49 |   113 |   183 |   109 ||   454
